 Dungeon Sprint DCSS version 0.31-a0-626-g8143ab4f1d (webtiles) character file.

Game seed: 5846460380350823591

98379 rocky1 the Djinni Blade (level 15, -11/128 HPs)
             Began as a Djinni Gladiator on Aug 25, 2023.
             Was an Initiate of Gozag.
             Killed from afar by Frederick (57 damage)
             ... with a bolt of cold
             ... in the Dungeon (Sprint III: "The Ten Rune Challenge").
             The game lasted 00:41:03 (9041 turns).

rocky1 the Djinni Blade (Djinni Gladiator)          Turns: 9041, Time: 00:41:08

Health: -11/128    AC: 18    Str: 13    XL:     15   Next: 9%
Gold:   1656       EV: 24    Int: 10    God:    Gozag SH: 14 Dex: 27

rFire   + + +        s - +8 autumn katana {manifold assault}
rCold   . . .        r - +0 kite shield
rNeg    + . .        t - +2 ring mail {rC+}
rPois   ∞            x - +1 helmet
rElec   +            k - +1 cloak {rPois}
rCorr   .            G - +0 pair of gloves
SInv    .            (boots unavailable)
Will    ++...        y - amulet of regeneration
Stlth   +++          Y - ring "Mezoel" {rF+ rN+ Will+ Dex+3}
HPRegen 1.21/turn    X - ring "Esurod" {Wiz rElec rPois Dex+2}
MPRegen 0.00/turn

%: no teleportation, wizardry (x1), infuse magic (-12 HP)
@: flying, studying 3 skills
A: sickness immunity, fire resistance 2, cold vulnerability 1, float, innate
caster, HP casting, extra vitality 1
}: 3/10 runes: decaying, barnacled, demonic
a: Renounce Religion, Potion Petition, Call Merchant, Bribe Branch


You were in the Dungeon.
You worshipped Gozag.
Gozag was most pleased with you.
You visited 1 branch You collected 17461 gold pieces.
You spent 11838 gold pieces at shops.
You paid 3967 gold pieces to Gozag.

Inventory:

Hand Weapons
 j - the +10 pair of quick blades "Gyre" and "Gimble" {protect}
   (You bought it in a shop in the Dungeon)
 s - the +8 autumn katana (weapon) {manifold assault}
   (You bought it in a shop in the Dungeon)
 K - a +9 heavy great sword
 N - a +9 triple sword of holy wrath
Missiles
 e - 5 javelins (quivered)
 u - 5 atropa-tipped darts
 B - 7 curare-tipped darts
Armour
 k - a +1 cloak of poison resistance (worn)
 r - a +0 kite shield (worn)
 t - a +2 ring mail of cold resistance (worn)
 x - a +1 helmet (worn)
 G - a +0 pair of gloves (worn)
Jewellery
 b - a +6 ring of dexterity
 g - the ring "Vakis" {Ice *Slow rElec Slay+3}
   (You bought it in a shop in the Dungeon)

   [ring of ice]

   Ice:       It enhances your ice magic.
   Slay+3:    It affects your accuracy & damage with ranged weapons and melee
   (+3).
   rF-:       It makes you vulnerable to fire.
   rC+:       It protects you from cold.
   rElec:     It insulates you from electricity.
   *Slow:     It may slow you when you take damage.
 y - an amulet of regeneration (around neck)
 S - the ring of Logobub {rN++ Str-2 Slay+4}
   (You bought it in a shop in the Dungeon)

   [ring of slaying]

   Str-2:     It affects your strength (-2).
   Slay+4:    It affects your accuracy & damage with ranged weapons and melee
   (+4).
   rN++:      It greatly protects you from negative energy.
 X - the ring "Esurod" (right hand) {Wiz rElec rPois Dex+2}
   (You found it in the Dungeon)

   [ring of wizardry]

   Wiz:       It improves your spell success rate.
   Dex+2:     It affects your dexterity (+2).
   rElec:     It insulates you from electricity.
   rPois:     It protects you from poison
 Y - the ring "Mezoel" (left hand) {rF+ rN+ Will+ Dex+3}
   (You found it in the Dungeon)

   [ring of willpower]

   Dex+3:     It affects your dexterity (+3).
   rF+:       It protects you from fire.
   rN+:       It protects you from negative energy.
   Will+:     It increases your willpower.
Wands
 a - a wand of acid (5)
 f - a wand of flame (15)
 n - a wand of mindburst (6)
 q - a wand of iceblast (5)
 Q - a wand of digging (4)
 W - a wand of charming (4)
Scrolls
 d - 6 scrolls of identify
 m - 3 scrolls of immolation
 p - 6 scrolls of amnesia
 A - 2 scrolls of blinking
 D - 4 scrolls of fog
 E - 2 scrolls of brand weapon
 F - 2 scrolls of revelation
 H - a scroll of vulnerability
 P - a scroll of poison
 V - a scroll of silence
Potions
 c - 3 potions of invisibility
 h - a potion of haste
 l - 5 potions of mutation
 o - 2 potions of brilliance
 v - 7 potions of curing
 w - 2 potions of cancellation
 I - a potion of heal wounds
 J - 4 potions of might
 L - a potion of berserk rage
 R - a potion of resistance
Miscellaneous
 i - a phantom mirror
 Z - a lightning rod (4/4)


   Skills:
 - Level 18.9 Fighting
 * Level 21.0 Long Blades
 - Level 1.5 Throwing
 - Level 16.6 Armour
 - Level 17.0 Dodging
 - Level 4.3 Stealth
 - Level 11.3 Shields
 - Level 10.1 Spellcasting
 - Level 10.1 Conjurations
 - Level 10.1 Hexes
 - Level 10.1 Summonings
 - Level 10.1 Necromancy
 - Level 10.1 Translocations
 - Level 10.1 Transmutations
 - Level 10.1 Fire Magic
 - Level 10.1 Ice Magic
 - Level 10.1 Air Magic
 - Level 10.1 Earth Magic
 - Level 10.1 Poison Magic
 + Level 0.5 Evocations


You knew the following spells:

 Your Spells              Type           Power      Damage    Failure   Level
a - Summon Small Mammal   Summ           100%       N/A       1%          1
b - Lesser Beckoning      Tloc           50%        N/A       1%          2
c - Wereblood             Tmut           25%        N/A       1%          2
d - Dispel Undead         Necr           25%        3d12      3%          4
e - Fulminant Prism       Conj/Hex       12%        3d8       3%          4
f - Freezing Cloud        Conj/Ice/Air   12%        6-21      9%          5
g - Plasma Beam           Fire/Air       12%        2x1d23    43%         6
Your spell library was empty.

Dungeon Overview and Level Annotations

Branches:
Dungeon (1/1)

Altars:
Cheibriados
Dithmenos
Elyvilon
Fedhas
Gozag
Hepliaklqana
Makhleb
Nemelex Xobeh
Okawaru
Qazlal
Ru
Trog
Uskayaw
Wu Jian
Xom
Yredelemnul
Zin
The Shining One
Jiyva
Lugonu

Shops:
D ?(=([!(==:[[*(=*[?*

Annotations:
D Frederick


Innate Abilities, Weirdness & Mutations

You are immune to sickness and miasma.
You are immune to poison.
Your flesh is very heat resistant. (rF++)
You are vulnerable to cold. (rC-)
You float through the air rather than walking.
You learn spells naturally, not from books.
Your magical power is your life essence.
You have superior vitality. (+4 MHP)


Message History

The slime creature hits you but does no damage.
You open the slime creature like a pillowcase!!!
You kill the slime creature!
Frederick blocks your attack.
Frederick hits you with a +2 trident of freezing!
Frederick freezes you. Frederick blocks your attack.
You block Frederick's attack. Frederick blocks your attack.
Frederick blocks your attack. Frederick completely misses you.
Frederick blocks your attack. You block Frederick's attack.
Frederick blocks your attack. You block Frederick's attack.
You slice Frederick!!
Frederick is lightly wounded.
Frederick blocks your attack.
Frederick is lightly wounded.
Frederick gestures at you while chanting.
The lance of force hits you!
You are knocked back by the lance of force.
You slam into the metal wall!
You are too injured to fight recklessly!
You are too injured to fight recklessly!
You are too injured to fight recklessly!
Frederick pines for a worthy opponent.
Frederick hits you but does no damage.
Frederick points at you and mumbles some strange words.
The bolt of cold hits you!!!
* * * LOW HITPOINT WARNING * * *
You slash Frederick!
Frederick is lightly wounded.
Frederick completely misses you.
Unknown command.
You feel much better. Frederick completely misses you.
Unknown command.
You cut Frederick into ribbons!!!
Frederick is heavily wounded.
Frederick casts a spell at you. The bolt of cold hits you!!!
You die...
Frederick says, "You don't even know how to die right."
Your body crumbles into a pile of gold.

##...~~~~#*,*******,,,,,,,,,*
.#.......#*,,,,,,,*,,,,,,,,,*
##.......#*******,*,,,,,,,,,*
.#.......#*,,,,,,,*,,,,,,,,,*
###########+#################
###########.......#[.§...§≈(#
≈≈≈##≈)≈≈≈##.#$#..#§≈≈§§§§§§#
≈§≈#§.≈#≈≈#...#...#§§§.§§§§§#
≈≈≈##≈##≈≈#..#.#@##§§§§§§§§.#
)§≈≈###§≈≈#.#.#@..'.....§§§.#
##≈≈≈§≈§≈≈################§##
.#)§§§≈≈§≈#...#)..#..#......#
'###§§≈§≈§#.).#...#..#..PP..#
...#)§≈≈§≈##'###'##..#..P.P.#
...###§§###.......'..)...PP.#
...')#)##.#.#####.####......#
########..'.#.).'.#..#......#


You could see Frederick (reflecting).

Vanquished Creatures
  Sigmund (D)
  Nellie (D)
  Rupert (D)
  A deep elf master archer (D)
  Polyphemus (D)
  Gastronok (D)
  Chuck (D)
  Ilsuiw (D)
  2 deep elf demonologists (D)
  Azrael (D)
  A deep elf annihilator (D)
  2 dire elephants (D)
  A deep elf death mage (D)
  A fire dragon (D)
  A merfolk javelineer (D)
  A deep elf high priest (D)
  3 ice dragons (D)
  A yaktaur captain (D)
  3 hydras (D)
  3 centaur warriors (D)
  Erica (D)
  4 dancing weapons (D)
  Urug (D)
  4 death yaks (D)
  2 deep elf knights (D)
  A death drake (D)
  A skeletal warrior (D)
  A spriggan druid (D)
  An obsidian statue (D)
  A sea snake (D)
  A lindwurm (D)
  2 deep elf pyromancers (D)
  3 deep elf zephyrmancers (D)
  An orc sorcerer (D)
  8 ugly things (D)
  A cyclops (shapeshifter) (D)
  4 crystal guardians (D)
  2 elephants (D)
  2 black mambas (D)
  Edmund (D)
  2 cane toads (D)
  A rime drake (D)
  A komodo dragon (D)
  An unseen horror (D)
  4 yaktaurs (D)
  3 wandering mushrooms (D)
  A queen bee (D)
  4 spriggan defenders (D)
  2 tyrant leeches (D)
  2 orc high priests (D)
  3 dream sheep (D)
  8 blink frogs (D)
  A slime creature (D)
  2 spriggans (D)
  A shadow (D)
  3 redbacks (D)
  A spatial vortex (D)
  A floating eye (shapeshifter) (D)
  A floating eye (D)
  3 hydra simulacra (D)
  A swamp drake (D)
  4 orc warriors (D)
  A fire dragon simulacrum (D)
  2 centaurs (D)
  An earth elemental (D)
  A necrophage (D)
  A water elemental (D)
  32 killer bees (D)
  An electric eel (D)
  6 orc priests (D)
  A jelly (D)
  A wizard (D)
  Jessica (D)
  A necromancer (D)
  A wolf simulacrum (D)
  A kobold demonologist (D)
  3 humans (D)
  2 swamp drake simulacra (D)
  A phantom (D)
  9 orcs (D)
  An endoplasm (D)
  2 rats (D)
189 creatures vanquished.

Notes
Turn   | Place    | Note
-------+----------+-------------------------------------------
     0 | D        | rocky1 the Djinni Gladiator began the quest for the Orb.
     0 | D        | Reached XP level 1. HP: 18/18 MP: 0/0
    11 | D        | Reached skill level 3 in Long Blades
    26 | D        | Noticed Jessica
    30 | D        | Killed Jessica
    31 | D        | Reached skill level 4 in Long Blades
    31 | D        | Reached XP level 2. HP: 25/25 MP: 0/0
    31 | D        | Reached XP level 3. HP: 30/30 MP: 0/0
    31 | D        | Learned a level 1 spell: Summon Small Mammal
   192 | D        | Reached skill level 5 in Long Blades
   192 | D        | Reached skill level 5 in Dodging
   218 | D        | Reached XP level 4. HP: 16/37 MP: 0/0
   318 | D        | Noticed a water elemental
   322 | D        | Killed a water elemental
   323 | D        | Reached skill level 5 in Fighting
   323 | D        | Reached skill level 6 in Long Blades
   323 | D        | Reached XP level 5. HP: 41/43 MP: 0/0
   323 | D        | Learned a level 2 spell: Lesser Beckoning
   472 | D        | Reached skill level 7 in Long Blades
   603 | D        | Noticed a shadow
   614 | D        | Killed a shadow
   615 | D        | Reached skill level 9 in Long Blades
   615 | D        | Reached XP level 6. HP: 27/53 MP: 0/0
   815 | D        | Found a blossoming altar of Fedhas.
   815 | D        | Found a stormy altar of Qazlal.
   815 | D        | Found a snail-covered altar of Cheibriados.
   815 | D        | Found a burning altar of Makhleb.
   815 | D        | Found a shimmering altar of Xom.
   816 | D        | Found a hazy altar of Hepliaklqana.
   816 | D        | Found an opulent altar of Gozag.
   816 | D        | Found a sparkling altar of Nemelex Xobeh.
   816 | D        | Found a corrupted altar of Lugonu.
   816 | D        | Found a viscous altar of Jiyva.
   816 | D        | Noticed a spatial vortex
   821 | D        | Became a worshipper of Gozag Ym Sagoz the Greedy
   830 | D        | Killed a spatial vortex
   831 | D        | Reached skill level 10 in Long Blades
   831 | D        | Reached XP level 7. HP: 59/59 MP: 0/0
   831 | D        | Learned a level 2 spell: Wereblood
   858 | D        | Found a glowing silver altar of Zin.
   858 | D        | Found a glowing golden altar of the Shining One.
   858 | D        | Found a white marble altar of Elyvilon.
   859 | D        | Noticed a deep elf pyromancer
   861 | D        | Noticed a fire elemental
   866 | D        | Noticed a fire elemental
   872 | D        | Noticed a fire elemental
   872 | D        | Noticed a fire elemental
   876 | D        | HP: 1/59 [fire elemental[a deep elf pyromancer] (2)]
   887 | D        | Killed a deep elf pyromancer
   888 | D        | Reached skill level 12 in Long Blades
   888 | D        | Reached XP level 8. HP: 14/68 MP: 0/0
  1097 | D        | Found a basalt altar of Yredelemnul.
  1097 | D        | Found a shadowy altar of Dithmenos.
  1097 | D        | Found a sacrificial altar of Ru.
  1106 | D        | Reached skill level 10 in Fighting
  1148 | D        | Noticed a ynoxinul
  1155 | D        | Reached skill level 13 in Long Blades
  1302 | D        | Found a hide-covered altar of Uskayaw.
  1302 | D        | Found an iron altar of Okawaru.
  1302 | D        | Found a bloodstained altar of Trog.
  1302 | D        | Found an ornate altar of the Wu Jian Council.
  1302 | D        | Noticed a human
  1320 | D        | Killed a human
  1409 | D        | Noticed a human
  1420 | D        | Killed a human
  1495 | D        | Noticed Erica
  1514 | D        | Killed Erica
  1515 | D        | Reached skill level 14 in Long Blades
  1515 | D        | Reached XP level 9. HP: 27/76 MP: 0/0
  1515 | D        | Learned a level 4 spell: Dispel Undead
  1907 | D        | Noticed a centaur warrior
  1927 | D        | Killed a centaur warrior
  1928 | D        | Reached skill level 1 in Spellcasting
  1928 | D        | Reached skill level 1 in Conjurations
  1928 | D        | Reached skill level 1 in Hexes
  1928 | D        | Reached skill level 1 in Summonings
  1928 | D        | Reached skill level 1 in Necromancy
  1928 | D        | Reached skill level 1 in Translocations
  1928 | D        | Reached skill level 1 in Transmutations
  1928 | D        | Reached skill level 1 in Fire Magic
  1928 | D        | Reached skill level 1 in Ice Magic
  1928 | D        | Reached skill level 1 in Air Magic
  1928 | D        | Reached skill level 1 in Earth Magic
  1928 | D        | Reached skill level 1 in Poison Magic
  1930 | D        | Reached skill level 15 in Long Blades
  2057 | D        | Noticed an orc sorcerer
  2064 | D        | Killed an orc sorcerer
  2065 | D        | Reached skill level 5 in Armour
  2065 | D        | Reached XP level 10. HP: 82/84 MP: 0/0
  2121 | D        | Found Ruirient's Antique Armour Shoppe.
  2247 | D        | Noticed a deep elf pyromancer
  2247 | D        | Noticed a deep elf knight
  2247 | D        | Noticed a deep elf knight
  2247 | D        | Noticed a deep elf zephyrmancer
  2247 | D        | Noticed a deep elf zephyrmancer
  2259 | D        | Killed a deep elf zephyrmancer
  2264 | D        | Killed a deep elf knight
  2265 | D        | Reached skill level 16 in Long Blades
  2268 | D        | Killed a deep elf pyromancer
  2279 | D        | Noticed a deep elf annihilator
  2280 | D        | Killed a deep elf knight
  2281 | D        | Reached XP level 11. HP: 89/91 MP: 0/0
  2281 | D        | Learned a level 4 spell: Fulminant Prism
  2284 | D        | Killed a deep elf zephyrmancer
  2580 | D        | Bought a +6 ring of dexterity for 504 gold pieces
  2580 | D        | Bought the ring "Vakis" {Ice *Slow rElec Slay+3} for 644
                  | gold pieces
  2580 | D        | Bought the amulet of Toap {Reflect Int+3 SH+5} for 606 gold
                  | pieces
  2703 | D        | Reached skill level 10 in Dodging
  2788 | D        | Reached skill level 17 in Long Blades
  2868 | D        | Reached skill level 5 in Spellcasting
  2868 | D        | Reached skill level 5 in Conjurations
  2868 | D        | Reached skill level 5 in Hexes
  2868 | D        | Reached skill level 5 in Summonings
  2868 | D        | Reached skill level 5 in Necromancy
  2868 | D        | Reached skill level 5 in Translocations
  2868 | D        | Reached skill level 5 in Transmutations
  2868 | D        | Reached skill level 5 in Fire Magic
  2868 | D        | Reached skill level 5 in Ice Magic
  2868 | D        | Reached skill level 5 in Air Magic
  2868 | D        | Reached skill level 5 in Earth Magic
  2868 | D        | Reached skill level 5 in Poison Magic
  2981 | D        | Bought the +8 autumn katana {manifold assault} for 1818
                  | gold pieces
  2981 | D        | Found the +8 autumn katana {manifold assault}
  3189 | D        | Reached XP level 12. HP: 100/100 MP: 0/0
  3313 | D        | Reached skill level 10 in Armour
  3387 | D        | Noticed Urug
  3397 | D        | Killed Urug
  3398 | D        | Reached skill level 18 in Long Blades
  3550 | D        | Bought a runed long sword for 234 gold pieces
  3550 | D        | Bought a glowing great sword for 342 gold pieces
  3550 | D        | Bought a glowing long sword for 234 gold pieces
  3581 | D        | Noticed a four-headed hydra
  3581 | D        | Noticed a four-headed hydra
  3589 | D        | Killed a one-headed hydra
  3595 | D        | Killed a one-headed hydra
  3707 | D        | Noticed a death drake
  3713 | D        | Killed a death drake
  3822 | D        | Noticed an ice dragon
  3824 | D        | Noticed an ice dragon
  3830 | D        | Killed an ice dragon
  3831 | D        | Reached skill level 15 in Fighting
  3838 | D        | Killed an ice dragon
  4052 | D        | Noticed a dire elephant
  4052 | D        | Noticed a dire elephant
  4053 | D        | Noticed Gastronok
  4071 | D        | Killed a dire elephant
  4081 | D        | Killed a dire elephant
  4084 | D        | Killed Gastronok
  4322 | D        | Noticed an azure jelly
  4322 | D        | Noticed an azure jelly
  4322 | D        | Noticed an azure jelly
  4323 | D        | Noticed an azure jelly
  4326 | D        | Noticed Rupert
  4340 | D        | Killed Rupert
  4341 | D        | Reached XP level 13. HP: 63/109 MP: 0/0
  4341 | D        | Learned a level 5 spell: Freezing Cloud
  4698 | D        | Reached skill level 19 in Long Blades
  4746 | D        | Noticed Polyphemus
  4764 | D        | Killed Polyphemus
  4765 | D        | Reached skill level 15 in Dodging
  4772 | D        | Noticed Ilsuiw
  4978 | D        | Killed Ilsuiw
  5141 | D        | Found Kyreil's Magic Scroll Shoppe.
  5142 | D        | Found Asuhipsa's Antique Weapon Boutique.
  5143 | D        | Found Aziul's Jewellery Emporium.
  5144 | D        | Noticed a merfolk javelineer
  5168 | D        | Killed a merfolk javelineer
  5532 | D        | Got a barnacled rune of Zot
  5545 | D        | Bought an amulet of regeneration for 360 gold pieces
  5556 | D        | Bought a transparent long sword for 178 gold pieces
  5556 | D        | Identified the +6 long sword "Ynafecaku" {flame, rN+ Int+2}
                  | (You bought it in a shop in the Dungeon)
  5557 | D        | Bought a scroll of blinking for 82 gold pieces
  5557 | D        | Bought a scroll of identify for 22 gold pieces
  5557 | D        | Bought a scroll of enchant weapon for 82 gold pieces
  5557 | D        | Bought a scroll of fog for 44 gold pieces
  5557 | D        | Bought 2 scrolls of brand weapon for 209 gold pieces
  5557 | D        | Bought a scroll of identify for 22 gold pieces
  5557 | D        | Bought a scroll of fog for 44 gold pieces
  5557 | D        | Bought a scroll of revelation for 82 gold pieces
  5557 | D        | Bought a scroll of fog for 44 gold pieces
  5652 | D        | Noticed Sigmund
  5652 | D        | Noticed Edmund
  5661 | D        | Killed Sigmund
  5668 | D        | Killed Edmund
  6020 | D        | Noticed Azrael
  6027 | D        | Killed Azrael
  6115 | D        | Reached XP level 14. HP: 27/119 MP: 0/0
  6506 | D        | Reached skill level 20 in Long Blades
  6604 | D        | Found Ruxalyes's Jewellery Emporium.
  6604 | D        | Found Ceytwaro's Antique Armour Shop.
  6604 | D        | Found Soostrah's Antique Weapon Boutique.
  6604 | D        | Found Diviups's General Store.
  6604 | D        | Found Purec's General Store.
  6604 | D        | Found Aweimeippu's Distillery.
  6604 | D        | Found Ferum's Magic Scroll Boutique.
  6605 | D        | Found Weimucun's Assorted Antiques.
  6605 | D        | Found Ushrixiph's Antique Armour Shoppe.
  6605 | D        | Found Qeviat's Armour Shop.
  6605 | D        | Found Jaustrigu's Book Emporium.
  6641 | D        | Bought a +0 kite shield for 58 gold pieces
  6641 | D        | Bought a +2 ring mail of cold resistance for 273 gold
                  | pieces
  6641 | D        | Bought a +0 pair of gloves for 58 gold pieces
  6664 | D        | Bought an embroidered cloak for 150 gold pieces
  6673 | D        | Bought a runed helmet for 157 gold pieces
  6673 | D        | Bought a scroll of revelation for 157 gold pieces
  6673 | D        | Bought a scroll labelled QOKUYC KATREA for 21 gold pieces
  6673 | D        | Bought a scroll of revelation for 157 gold pieces
  6689 | D        | Bought a potion of cancellation for 112 gold pieces
  6689 | D        | Bought a scroll of fog for 56 gold pieces
  6696 | D        | Bought a scroll of enchant weapon for 97 gold pieces
  6696 | D        | Bought a potion of invisibility for 104 gold pieces
  6697 | D        | Bought a potion of curing for 33 gold pieces
  6697 | D        | Bought a potion of heal wounds for 55 gold pieces
  6697 | D        | Bought a potion of might for 44 gold pieces
  6697 | D        | Bought a potion of heal wounds for 55 gold pieces
  6697 | D        | Bought 2 potions of might for 88 gold pieces
  6697 | D        | Bought a potion of degeneration for 11 gold pieces
  6697 | D        | Bought a potion of berserk rage for 55 gold pieces
  6697 | D        | Bought a potion of lignification for 33 gold pieces
  6698 | D        | Bought a scroll of fog for 48 gold pieces
  6698 | D        | Bought a scroll of enchant weapon for 90 gold pieces
  6698 | D        | Bought a scroll of blinking for 90 gold pieces
  6698 | D        | Bought a scroll of blinking for 90 gold pieces
  6698 | D        | Bought a scroll of revelation for 90 gold pieces
  6820 | D        | Reached skill level 1 in Shields
  6828 | D        | Reached skill level 10 in Spellcasting
  6828 | D        | Reached skill level 10 in Conjurations
  6828 | D        | Reached skill level 10 in Hexes
  6828 | D        | Reached skill level 10 in Summonings
  6828 | D        | Reached skill level 10 in Necromancy
  6828 | D        | Reached skill level 10 in Translocations
  6828 | D        | Reached skill level 10 in Transmutations
  6828 | D        | Reached skill level 10 in Fire Magic
  6828 | D        | Reached skill level 10 in Ice Magic
  6828 | D        | Reached skill level 10 in Air Magic
  6828 | D        | Reached skill level 10 in Earth Magic
  6828 | D        | Reached skill level 10 in Poison Magic
  6890 | D        | Reached skill level 5 in Shields
  6947 | D        | Reached skill level 15 in Armour
  7391 | D        | Reached skill level 10 in Shields
  7458 | D        | Noticed an iron golem
  7458 | D        | Noticed a lich
  7458 | D        | Noticed a royal mummy
  7458 | D        | Noticed a royal mummy
  7477 | D        | Acquired a manual of Ice Magic
  7489 | D        | Noticed Chuck
  7508 | D        | Killed Chuck
  7521 | D        | Identified the +2 robe of Generosity {Str+3}
  7627 | D        | Bought the +10 pair of quick blades "Gyre" and "Gimble"
                  | {protect} for 2700 gold pieces
  7627 | D        | Found the +10 pair of quick blades "Gyre" and "Gimble"
                  | {protect}
  7687 | D        | Found a blossoming altar of Fedhas.
  7698 | D        | Reached skill level 1 in Stealth
  7786 | D        | Identified the staff of the Realm of Zot {rPois Str+2 Dex+4
                  | Stlth+ Poison}
  7865 | D        | Found Vutosog's Distillery.
  7865 | D        | Found Rorhed Deafu's Antique Weapon Shop.
  7866 | D        | Found Muedgh's Jewellery Shoppe.
  7874 | D        | Bought the ring of Logobub {rN++ Str-2 Slay+4} for 913 gold
                  | pieces
  7874 | D        | Bought a ring of protection from fire for 250 gold pieces
  7876 | D        | Bought a potion of curing for 33 gold pieces
  7876 | D        | Bought a potion of heal wounds for 55 gold pieces
  7876 | D        | Bought 2 potions of curing for 66 gold pieces
  7876 | D        | Bought a potion of invisibility for 88 gold pieces
  7934 | D        | Got a decaying rune of Zot
  8068 | D        | Noticed a deep elf demonologist
  8069 | D        | Noticed a deep elf demonologist
  8071 | D        | Noticed a deep elf master archer
  8072 | D        | Noticed an Executioner
  8077 | D        | Killed a deep elf demonologist
  8435 | D        | Noticed a Hell Sentinel
  8443 | D        | Killed a deep elf demonologist
  8447 | D        | Killed a ghostly deep elf demonologist
  8450 | D        | Killed a deep elf master archer
  8456 | D        | Killed a ghostly deep elf demonologist
  8456 | D        | Killed a deep elf annihilator
  8457 | D        | Reached XP level 15. HP: 53/127 MP: 0/0
  8457 | D        | Learned a level 6 spell: Plasma Beam
  8753 | D        | Identified the ring "Esurod" {Wiz rElec rPois Dex+2}
  8753 | D        | Identified the ring "Mezoel" {rF+ rN+ Will+ Dex+3}
  8870 | D        | Noticed Nellie
  8904 | D        | Killed Nellie
  8905 | D        | Reached skill level 21 in Long Blades
  8912 | D        | Got a demonic rune of Zot
  9020 | D        | Noticed Frederick
  9041 | D        | Killed from afar by Frederick

Illustrated notes

Levels and vault maps discovered:
D:        dungeon_sprint_mu [sprint_mu_entry_cave, sprint_mu_temple_rooms,
          sprint_mu_d1_horrors, sprint_mu_d2_genie, sprint_mu_d3_branching,
          sprint_mu_orc_legion, sprint_mu_elf_gauntlet, sprint_mu_hive_nellie,
          sprint_mu_lair_fedhas, sprint_mu_vaults_butterflies,
          sprint_mu_slime_circle, sprint_mu_swamp_cave, sprint_mu_shoals_archi,
          sprint_mu_blade_basic, sprint_mu_crypt_fortress,
          sprint_mu_tomb_spiral, sprint_mu_vestibule_basic,
          sprint_mu_gehenna_hellfire, sprint_mu_dis_giant,
          sprint_mu_tartarus_statrot, sprint_mu_cocytus_islands, sprint_mu_zot1]

Skill      XL: |  1  2  3  4  5  6  7  8  9 10 11 12 13 14 15 |
---------------+----------------------------------------------+-----
Long Blades    | 4 5 6 9 10 12 14 15 16 17 18 19 20 21 | 21.0
Fighting       | 3 4 5 7 8 9 11 12 14 15 17 18 | 18.9
Dodging        | 4 5 6 8 9 11 14 16 17 | 17.0
Armour         | 3 5 7 9 12 14 16 | 16.6
Spellcasting   | 2 3 5 7 9 10 | 10.1
Conjurations   | 2 3 5 7 9 10 | 10.1
Hexes          | 2 3 5 7 9 10 | 10.1
Summonings     | 2 3 5 7 9 10 | 10.1
Necromancy     | 2 3 5 7 9 10 | 10.1
Translocations | 2 3 5 7 9 10 | 10.1
Transmutations | 2 3 5 7 9 10 | 10.1
Fire Magic     | 2 3 5 7 9 10 | 10.1
Ice Magic      | 2 3 5 7 9 10 | 10.1
Air Magic      | 2 3 5 7 9 10 | 10.1
Earth Magic    | 2 3 5 7 9 10 | 10.1
Poison Magic   | 2 3 5 7 9 10 | 10.1
Shields        | 11 | 11.3
Stealth        | 4 |  4.3
Throwing       | |  1.5
Evocations     | |  0.5

Action                     |  1- 3 |  4- 6 |  7- 9 | 10-12 | 13-15 || total
---------------------------+-------+-------+-------+-------+-------++-------
  Melee: Long sword        |    20 |    27 |    76 |       |     4 ||   127
         Punch             |     1 |     1 |       |     6 |     2 ||    10
         Scimitar          |       |       |    31 |   175 |       ||   206
         Katana            |       |       |       |   136 |   460 ||   596
  Throw: Throwing net      |     1 |       |     3 |     1 |       ||     5
   Cast: Wereblood         |       |       |       |     5 |     1 ||     6
 Invoke: Potion Petition   |       |       |       |     4 |     3 ||     7
         Call Merchant     |       |       |       |     2 |       ||     2
  Evoke: Phantom mirror    |       |       |       |     1 |       ||     1
         Wand              |       |       |       |       |     4 ||     4
    Use: Potion            |       |     1 |     4 |     1 |     2 ||     8
         Scroll            |       |       |     3 |       |    18 ||    21
   Stab: Held in net/web   |     2 |       |     2 |     1 |       ||     5
         Distracted        |       |       |       |     4 |     2 ||     6
         Sleeping          |       |       |       |     4 |       ||     4
         Invisible         |       |       |       |       |     1 ||     1
 Armour: Robe              |     2 |       |    39 |    17 |       ||    58
         Chain mail        |       |       |       |       |    28 ||    28
         Ring mail         |       |       |       |       |    28 ||    28
  Dodge: Dodged            |     8 |    11 |    78 |   146 |   192 ||   435
  Block: Other             |       |       |       |    28 |     7 ||    35
         Kite shield       |       |       |       |       |   111 ||   111

Table legend: (Time is in decaauts)
 A = Elapsed time spent in this place.
 B = Non-inter-level travel time spent in this place.
 C = Inter-level travel time spent in this place.
 D = Time resting spent in this place.
 E = Time spent auto-exploring this place.
 F = Levels seen in this place.
 G = Mean time per level.
                   A        B        C        D        E       F      G
               +--------+--------+--------+--------+--------+-----+--------+
         Total |   8775 |   8411 |    364 |   5601 |      8 |   1 | 8775.0 |
       Dungeon |   8775 |   8411 |    364 |   5601 |      8 |   1 | 8775.0 |
               +--------+--------+--------+--------+--------+-----+--------+

Top non-repeatable levels by time:
       D: 8775 daAuts
